 Dungeon Crawl Stone Soup version 0.22.1-6-g1668fe2 (webtiles) character file.

5756 tycamorgan the Zephyrmancer (level 10, -2/56 HPs)
             Began as a Tengu Air Elementalist on Jan 30, 2019.
             Was a Believer of Sif Muna.
             Slain by a skeletal warrior
             ... wielding a +0 scimitar
             ... led by a skeletal warrior
              (23 damage)
             ... on level 10 of the Dungeon on Feb 6, 2019.
             The game lasted 00:57:17 (8972 turns).

tycamorgan the Zephyrmancer (TeAE)                  Turns: 8972, Time: 00:57:18

Health: -2/56      AC:  3    Str:  5    XL:     10   Next: 78%
Magic:  0/21       EV: 16    Int: 20    God:    Sif Muna [**....]
Gold:   445        SH:  0    Dex: 15    Spells: 22/23 levels left

rFire    . . .     SeeInvis +   y - +11 spear of Expedience {speed, rElec rN+++ Str-5 Int+3}
rCold    . . .     Gourm    .   (no shield)
rNeg     + + +     Faith    .   a - +1 robe
rPois    .         Spirit   +   (helmet restricted)
rElec    +         Reflect  .   s - scarf {Spirit}
rCorr    .         Harm     +   (no gloves)
MR       .....                  (boots unavailable)
Stlth    +++.......             q - amulet of harm
HPRegen  0.18/turn              E - ring of wizardry (curse)
MPRegen  0.17/turn              p - ring of see invisible

@: about to teleport
A: beak, talons 3, able to fly 1
a: Fly, Divine Energy, Renounce Religion


You were on level 10 of the Dungeon.
You worshipped Sif Muna.
Sif Muna was pleased with you.
You were not hungry.

You visited 2 branches of the dungeon, and saw 13 of its levels.

You collected 445 gold pieces.

Inventory:

Hand Weapons
 b - a +0 club
 d - a +1 short sword
 f - a cursed -1 falchion
 r - a +0 trident
 v - a +0 trident
 y - the +11 spear of Expedience (weapon) {speed, rElec rN+++ Str-5 Int+3}
   (You found it on level 4 of the Dungeon)

   Attacks with this weapon are significantly faster.
   It affects your strength (-5).
   It affects your intelligence (+3).
   It insulates you from electricity.
   It renders you almost immune to negative energy.
 F - a cursed +0 shortbow
 H - a +0 dire flail of holy wrath
 V - a +0 hunting sling of flaming
 W - a +0 quarterstaff
 Y - a +0 glaive
Missiles
 G - 66 arrows
Armour
 a - a +1 robe (worn)
 i - a +0 large shield
 s - a scarf of spirit shield (worn)
 C - the +1 chain mail of the Monkey's Uncle {Stlth+}
   (You found it on level 4 of the Dungeon)

   It makes you more stealthy.
 O - a scarf of spirit shield
Magical Staves
 D - an uncursed staff of air
 K - an uncursed staff of power
Jewellery
 e - an uncursed ring of flight
 h - an uncursed ring of see invisible
 p - a ring of see invisible (right hand)
 q - an amulet of harm (around neck)
 E - a cursed ring of wizardry (left hand)
Wands
 n - a wand of acid (2)
 o - a wand of flame (16)
 A - a wand of polymorph (4)
 S - a wand of scattershot (3)
 U - a wand of iceblast (6)
Scrolls
 j - 2 scrolls of remove curse {unknown}
 k - a scroll of noise
 l - 5 scrolls of enchant armour
 L - a scroll of teleportation
 M - 2 scrolls of amnesia
 N - a scroll of blinking {unknown}
 Q - 4 scrolls of fear
 R - a scroll of summoning {unknown}
Potions
 g - a potion of curing
 m - a potion of flight {unknown}
 t - 3 potions of magic
 z - 2 potions of might {unknown}
 B - 2 potions of agility {unknown}
 I - 2 potions of haste {unknown}
 P - a potion of berserk rage {unknown}
 T - a potion of mutation {unknown}
Comestibles
 c - 7 rations


   Skills:
 + Level 3.2 Fighting
 - Level 1.3 Short Blades
 * Level 8.6 Polearms
 * Level 6.4 Dodging
 + Level 5.1 Stealth
 * Level 7.1 Spellcasting
 + Level 5.3 Conjurations
 * Level 9.5 Air Magic
 + Level 2.0 Evocations


You had 22 spell levels left.
You knew the following spells:

 Your Spells              Type           Power        Failure   Level  Hunger
a - Shock                 Conj/Air       ####         1%          1    None

Your spell library contained the following spells:

 Spells                   Type           Power        Failure   Level  Hunger
 Swiftness                Chrm/Air       ####....     1%          2    None
 Static Discharge         Conj/Air       #####...     1%          3    #......
 Airstrike                Air            #####.....   1%          4    ###....
 Lightning Bolt           Conj/Air       #####.....   4%          5    #####..


Dungeon Overview and Level Annotations

Branches:
Dungeon (12/15)            Temple (1/1) D:7
   Lair: D:8-11         Orc: D:9-12

Altars:
Ashenzari
Cheibriados
Dithmenos
Elyvilon
Fedhas
Gozag
Hepliaklqana
Kikubaaqudgha
Makhleb
Nemelex Xobeh
Okawaru
Qazlal
Ru
Sif Muna
Trog
Uskayaw
Vehumet
Wu Jian
Xom
Yredelemnul
Zin
The Shining One


Innate Abilities, Weirdness & Mutations

You have a beak for a mouth.
You have claws for feet.
You can fly.


Message History

You drop a blowgun.
You drop 2 poisoned needles.
You drop 31 sling bullets.
You drop 4 throwing nets.
Your cursed ring of wizardry is stuck to you!
Unknown command.
Unknown command.
Unknown command.
There is a stone staircase leading down, spattered with blood here.
You climb downwards.
The skeletal warrior hits you with a scimitar! x2
There is a stone staircase leading up, spattered with blood here.
The skeletal warrior hits you with a scimitar!!
You hear a shout! x3; The big kobold shouts!
You climb upwards.
There is a stone staircase leading down, spattered with blood here.
As you read the scroll of teleportation, it crumbles to dust.
You feel strangely unstable.
The skeletal warrior hits you with a scimitar!!
You die...

.................##########......
.................#........#......
.................#........#......
......########'#.#........#......
......#........#.#........#......
......#........#.##'#######.<....
......#........#.................
..##+##........#>z...............
..# .(.....[...#@.............###
..# ...........'..............#..
..# ...........#..###########+#..
#.# ...........#..#..............
#.# ############..#..............
#.. ........#...........### ..#
........#...........# .#
........#...........# .
........#...........###


You could see a skeletal warrior.

Vanquished Creatures
  Harold (D:10)
  A two-headed ogre (D:8)
  A skeletal warrior (D:10)
  Joseph (D:10)
  A hippogriff (D:7)
  2 hungry ghosts
  Edmund (D:5)
  2 orc warriors
  An eye of draining (D:9)
  3 ice beasts
  A necrophage (D:9)
  A phantom (D:6)
  5 ogres
  A crocodile (D:9)
  4 centaurs
  3 bullfrogs
  A wyvern skeleton (D:9)
  2 crimson imps
  A centaur zombie (D:5)
  2 bullfrog skeletons
  A centaur skeleton (D:8)
  6 hounds
  3 jellies
  8 orc priests
  7 orc wizards
  4 worker ants
  A hound skeleton (D:7)
  A hound zombie (D:5)
  A worker ant zombie (D:5)
  3 gnolls (D:7)
  7 adders
  5 shadow imps
  An ooze (D:4)
  A worm (D:3)
  4 dart slugs
  4 leopard geckos
  20 orcs
  7 giant cockroaches
  4 goblins
  7 hobgoblins
  3 jackals (D:7)
  7 kobolds
  A quokka (D:3)
  7 bats
  3 frilled lizards
  2 leopard gecko zombies
  A quokka zombie (D:6)
  6 rats
  2 plants (D:3)
162 creatures vanquished.

Notes
Turn   | Place    | Note
-------+----------+-------------------------------------------
     0 | D:1      | tycamorgan the Tengu Air Elementalist began the quest for
                  | the Orb.
     0 | D:1      | Reached XP level 1. HP: 10/10 MP: 4/4
   191 | D:1      | Reached XP level 2. HP: 15/15 MP: 4/6
   507 | D:1      | Found a sparkling altar of Nemelex Xobeh.
   613 | D:1      | Reached XP level 3. HP: 19/20 MP: 5/7
   675 | D:2      | Found a shadowy altar of Dithmenos.
  1993 | D:3      | Reached skill level 1 in Short Blades
  2104 | D:3      | Reached XP level 4. HP: 18/24 MP: 5/9
  2185 | D:4      | Got a pitted spear
  2198 | D:3      | Identified the +11 spear of Expedience {speed, rElec rN+++
                  | Str-5 Int+3} (You found it on level 4 of the Dungeon)
  2335 | D:3      | Found a sacrificial altar of Ru.
  2335 | D:3      | Found a snail-covered altar of Cheibriados.
  2335 | D:3      | Found a hide-covered altar of Uskayaw.
  2596 | D:4      | Found a transporter.
  2614 | D:4      | Reached skill level 5 in Air Magic
  2614 | D:4      | Gained mutation: You can fly. [Tengu growth]
  2614 | D:4      | Reached XP level 5. HP: 28/28 MP: 5/10
  2615 | D:4      | Reached skill level 1 in Polearms
  2817 | D:4      | Found a transporter.
  2919 | D:4      | Reached skill level 1 in Fighting
  2919 | D:4      | Reached XP level 6. HP: 20/34 MP: 2/11
  3109 | D:4      | Got a bronze chain mail
  3306 | D:4      | Identified the +1 chain mail of the Monkey's Uncle {Stlth+}
                  | (You found it on level 4 of the Dungeon)
  3386 | D:5      | Entered Level 5 of the Dungeon
  3564 | D:5      | Noticed an ice beast
  3578 | D:5      | Killed an ice beast
  3578 | D:5      | Reached XP level 7. HP: 24/38 MP: 6/13
  3640 | D:6      | Noticed Edmund
  3860 | D:5      | Reached skill level 6 in Air Magic
  4437 | D:5      | Reached XP level 8. HP: 38/43 MP: 12/15
  4467 | D:5      | Killed Edmund
  4697 | D:6      | Reached skill level 7 in Air Magic
  5081 | D:7      | Found a deep blue altar of Sif Muna.
  5087 | D:7      | Became a worshipper of Sif Muna the Loreminder
  5130 | D:7      | Reached skill level 5 in Spellcasting
  5334 | D:8      | Noticed a two-headed ogre
  5497 | D:7      | Reached skill level 5 in Polearms
  5497 | D:7      | Reached XP level 9. HP: 48/48 MP: 13/17
  5769 | D:7      | Found a staircase to the Ecumenical Temple.
  5782 | D:7      | Reached skill level 5 in Dodging
  5782 | D:7      | Reached skill level 8 in Air Magic
  5786 | Temple   | Entered the Ecumenical Temple
  5992 | D:7      | Reached skill level 1 in Evocations
  6287 | D:8      | Killed a two-headed ogre
  6407 | D:8      | Reached * piety under Sif Muna
  6575 | D:8      | Reached XP level 10. HP: 37/55 MP: 6/20
  7158 | D:10     | Entered Level 10 of the Dungeon
  7225 | D:9      | Reached skill level 5 in Stealth
  7234 | D:9      | Reached skill level 9 in Air Magic
  7394 | D:9      | Found a burning altar of Makhleb.
  7880 | D:10     | Noticed Joseph
  7896 | D:10     | Killed Joseph
  7896 | D:10     | Reached skill level 5 in Conjurations
  8113 | D:10     | Noticed Harold
  8127 | D:10     | Killed Harold
  8423 | D:12     | Noticed a cyclops
  8429 | D:11     | Noticed a kobold demonologist
  8430 | D:11     | Noticed a skeletal warrior
  8724 | D:11     | Noticed a skeletal warrior
  8724 | D:11     | Noticed a skeletal warrior
  8754 | D:10     | Killed a skeletal warrior
  8754 | D:10     | Reached ** piety under Sif Muna
  8972 | D:10     | Slain by a skeletal warrior

Skill      XL: |  1  2  3  4  5  6  7  8  9 10 |
---------------+-------------------------------+-----
Short Blades   | 1 |  1.3
Dodging        | 3 4 5 6 |  6.4
Spellcasting   | 3 4 5 6 7 |  7.1
Air Magic      | 5 6 7 8 9 |  9.5
Polearms       | 1 2 3 5 7 8 |  8.6
Fighting       | 1 2 3 |  3.2
Conjurations   | 2 3 4 5 |  5.3
Stealth        | 3 4 5 |  5.1
Evocations     | 1 2 |  2.0

Action                   |  1- 3 |  4- 6 |  7- 9 | 10-12 || total
-------------------------+-------+-------+-------+-------++-------
Melee: Short sword       |    49 |    12 |       |       ||    61
       Kick              |    12 |    19 |    19 |    11 ||    61
       Peck              |     5 |     6 |     5 |     6 ||    22
       Spear             |       |    50 |   129 |    84 ||   263
 Cast: Shock             |    32 |    31 |    83 |    41 ||   187
 Abil: Fly               |       |     1 |       |       ||     1
Evoke: Wand              |       |       |     9 |     8 ||    17
  Use: Scroll            |     3 |     6 |     6 |     1 ||    16
       Potion            |       |       |     4 |     1 ||     5
 Stab: Sleeping          |     4 |     3 |     1 |       ||     8
  Eat: Ration            |     1 |     2 |     3 |     2 ||     8
Armor: Robe              |    19 |     3 |     5 |     1 ||    28
Dodge: Dodged            |    34 |    19 |    66 |    26 ||   145
